[Event "1.FrauenBL 2016-17"]
[Site "Berlin"]
[Date "2017.04.29"]
[Round "11"]
[White "Brandt, Carina"]
[Black "Schulze, Lara"]
[Result "0-1"]
[ECO "C18"]
[WhiteElo "2045"]
[BlackElo "2157"]
[Annotator "NA"]
[PlyCount "76"]
[EventDate "2017.??.??"]
[EventType "team-tourn"]
[EventCountry "GER"]
[SourceTitle "playchess.com"]
[Source "ChessBase"]
[SourceQuality "1"]
[WhiteTeam "TuRa Harksheide"]
[BlackTeam "SK Lehrte"]
[TimeControl "40/6000+30:3000+30"]

1. e4 e6 2. d4 d5 3. Nc3 Bb4 4. e5 c5 5. a3 Bxc3+ 6. bxc3 Ne7 7. Qg4 Qc7 8. Qxg7 Rg8 9. Qxh7 cxd4 10. Ne2 Nbc6 11. f4 dxc3 12. Qd3 Bd7 13. Rg1 {[%emt 1:31:09] C18: French: 3 Nc3 Bb4: Main line: 7 h4 and 7 Qg4} (13. Be3 Na5 14. g3 Nf5 15. Bf2 Nc4 16. Bh3 d4 17. Bxf5 exf5 18. Bxd4 O-O-O 19. Qxc3 b6 20. Kf2 Kb8 21. a4 {1-0 (55) Duda,J (2603)-Vitiugov,N (2738) Wroclaw 2014}) 13... O-O-O 14. Nxc3 Qb6 15. Rh1 $146 (15. Be3 d4 16. Rb1 Qa5 17. Qb5 Qxb5 18. Nxb5 dxe3 19. Nd6+ Kb8 20. Nxb7 Kc7 21. Nxd8 Rxd8 {0-1 (35) Nardelli,M (2132)-Pulito,A (2254) Nichelino 2008}) 15... a6 16. Bd2 Na5 17. Rb1 Qc7 $1 18. Qf3 Bc6 ({Not} 18... d4 19. Ne4 $16) 19. Bd3 Nc4 20. Qe2 Nf5 ({Much less strong is} 20... Nxa3 21. Rb3 Nc4 22. Rg1 $17) 21. Bxf5 exf5 22. Rg1 Nxa3 23. Rb2 d4 24. Na2 Bb5 25. Qd1 Ba4 26. Bb4 (26. Qc1 $142 Nxc2+ 27. Kf2) 26... Nc4 27. Qc1 Nxb2 28. Qxb2 Qc6 29. c4 dxc3 30. Nxc3 Kb8 $19 31. Bd6+ Ka8 32. Kf2 Qc4 33. Rb1 Qxf4+ 34. Kg1 Bc6 35. g3 Qe3+ 36. Kf1 f4 37. Nb5 Qd3+ 38. Ke1 Bxb5 0-1

[Event "1.FrauenBL 2016-17"]
[Site "Berlin"]
[Date "2017.04.29"]
[Round "11.1"]
[White "Richterova, Natasa"]
[Black "Fuchs, Judith"]
[Result "1/2-1/2"]
[ECO "A34"]
[WhiteElo "2210"]
[BlackElo "2274"]
[Annotator "ChessBase"]
[PlyCount "72"]
[EventDate "2017.??.??"]
[EventType "team-tourn"]
[EventCountry "GER"]
[SourceTitle "playchess.com"]
[Source "ChessBase"]
[SourceQuality "1"]
[WhiteTeam "SV Medizin Erfurt"]
[BlackTeam "Hamburger SK"]
[TimeControl "40/6000+30:3000+30"]

1. Nf3 Nf6 2. c4 c5 3. Nc3 b6 4. e4 d6 5. d4 cxd4 6. Nxd4 Bb7 7. Bd3 g6 8. Be3 Bg7 9. Rc1 O-O 10. O-O Nc6 11. Nxc6 Bxc6 12. h3 Nd7 13. Qd2 Rc8 14. Bh6 Bb7 15. Bxg7 Kxg7 16. b3 Re8 17. Rfd1 Nc5 18. Bb1 Qc7 19. h4 h5 20. Qd4+ Kg8 21. Qe3 Kg7 22. Nb5 Qb8 23. Nd4 Rg8 24. f3 e5 25. Ne2 Rge8 26. Rc2 Rcd8 27. Rcd2 Bc6 28. a4 Qc7 29. Bc2 Qe7 30. g3 a5 31. Kh2 Rf8 32. Re1 Qb7 33. Rf1 Qe7 34. Re1 Qb7 35. Red1 Qe7 36. Re1 Qb7 1/2-1/2

[Event "1.FrauenBL 2016-17"]
[Site "Berlin"]
[Date "2017.04.29"]
[Round "11.1"]
[White "Amelang, Astrid"]
[Black "Jelica, Mara"]
[Result "0-1"]
[ECO "A03"]
[WhiteElo "2116"]
[BlackElo "2108"]
[Annotator "NA"]
[PlyCount "176"]
[EventDate "2017.??.??"]
[EventType "team-tourn"]
[EventCountry "GER"]
[SourceTitle "playchess.com"]
[Source "ChessBase"]
[SourceQuality "1"]
[WhiteTeam "SG Augsburg"]
[BlackTeam "SF Deizisau"]
[TimeControl "40/6000+30:3000+30"]

1. f4 d5 2. Nf3 c5 3. b3 Nc6 4. Bb2 Nf6 5. e3 Bg4 6. Bb5 Rc8 {[%emt 1:25:12] A03: Bird's Opening with 1...d5} 7. O-O e6 8. h3 Bxf3 9. Qxf3 Be7 ({Relevant:} 9... a6 10. Bxc6+ Rxc6 11. d3 Be7 12. Nd2 O-O 13. Qe2 {1-0 (40) Cabarkapa,N (2413)-Sekulic,D (2218) Kac 2016}) 10. d3 O-O 11. Bxc6 Rxc6 12. Nd2 Qb6 $146 ({Predecessor (2):} 12... Ne8 13. e4 c4 14. dxc4 dxc4 {1-0 (40) Nothnagel,M (2255)-August,C (2137) Germany 2009}) 13. Qe2 Nd7 14. c4 Bf6 15. Bxf6 Nxf6 16. e4 Rd8 17. e5 Ne8 18. Nf3 Rc7 19. Rfd1 Rcd7 20. Rac1 Nc7 21. Rd2 Na6 22. Rcd1 Nb4 23. Kf1 Nc6 24. Ke1 Ne7 25. g4 Qa5 26. Kf2 Qb6 27. Qe3 Nc6 28. Ke1 Ne7 29. Kf2 Rf8 30. Kg3 Rdd8 31. Re1 Qc7 32. Ng5 h6 33. Nf3 b6 34. Rf2 Rd7 35. Rd2 Rfd8 36. Red1 a6 37. Qe2 Rf8 38. Rf1 Nc6 39. Re1 Qd8 40. Qe3 Ne7 41. Red1 Qa8 42. Qe2 Ng6 43. f5 exf5 44. gxf5 Ne7 45. f6 Nf5+ 46. Kh2 g6 47. e6 Qb8+ 48. Qe5 fxe6 49. Qxb8 Rxb8 50. Ne5 Rd6 51. Rg1 g5 52. Rf2 dxc4 53. dxc4 Rf8 54. f7+ Kg7 55. Re2 $1 $11 Nh4 56. Rf2 Nf5 57. Re1 Rfd8 58. Rfe2 Nh4 59. Kg3 Ng6 60. Nxg6 Kxg6 61. Rxe6+ Kxf7 62. Re7+ Kf6 63. R7e2 Rd3+ 64. Kg2 Rd2 65. Rf1+ Kg6 66. Rff2 Rxe2 67. Rxe2 Rd6 68. Kg3 Rd3+ 69. Kg2 Kf5 70. Rf2+ Ke5 71. Re2+ Kd6 72. Rf2 Re3 73. Rf6+ Re6 74. Rf2 b5 75. Rd2+ Kc6 76. cxb5+ axb5 77. Kf3 c4 78. bxc4 bxc4 79. Rc2 Kc5 80. a3 Kd4 81. Rd2+ Kc3 82. Rd7 Kb2 83. Rc7 c3 84. a4 Ra6 $19 85. Rb7+ Kc1 86. Rb4 c2 87. Ke2 Re6+ 88. Kf2 Kd2 0-1

[Event "1.FrauenBL 2016-17"]
[Site "Berlin"]
[Date "2017.04.29"]
[Round "11.1"]
[White "Duessler, Stefanie"]
[Black "Sherif, Amina"]
[Result "1/2-1/2"]
[ECO "B15"]
[WhiteElo "2086"]
[BlackElo "2003"]
[Annotator "NA"]
[PlyCount "115"]
[EventDate "2017.??.??"]
[EventType "team-tourn"]
[EventCountry "GER"]
[SourceTitle "playchess.com"]
[Source "ChessBase"]
[SourceQuality "1"]
[WhiteTeam "SK Lehrte"]
[BlackTeam "TuRa Harksheide"]
[TimeControl "40/6000+30:3000+30"]

1. e4 g6 2. d4 Bg7 3. Nc3 c6 4. Nf3 d5 5. h3 dxe4 6. Nxe4 Nd7 7. Bc4 Ngf6 8. Nxf6+ Nxf6 9. O-O O-O 10. Re1 b6 11. c3 {[%emt 1:25:22] B15: Caro-Kann: 3 Nc3: 3...g6 and 3...dxe4 4 Nxe4 Nf6 5 Nxf6+ exf6} ({Relevant:} 11. Ne5 Bb7 12. Bg5 Nd5 13. Bh4 Rc8 14. Qf3 g5 15. Bg3 e6 16. Bb3 Qf6 17. Qh5 Nf4 18. Bxf4 Qxf4 {½-½ (43) Leko,P (2737)-Kamsky,G (2763) Beijing 2013}) 11... Bb7 12. Bg5 Qc7 13. Ne5 $146 ({Predecessor (2):} 13. Qe2 e6 14. Ne5 Nd5 15. Bxd5 exd5 16. Ng4 f5 17. Nh6+ Kh8 18. Qe6 f4 {½-½ (50) Soskov,V (2291)-Burmakin,V (2574) Tallinn 2014}) 13... Nd5 14. Ng4 e6 15. Bxd5 cxd5 16. Bf6 Bxf6 17. Nxf6+ Kg7 18. Qf3 Qe7 19. Ng4 $1 ({Don't go for} 19. Nxd5 $2 Qd8 20. c4 exd5 $19) 19... b5 (19... f6 $14) 20. Re3 Rab8 21. Rae1 Bc6 22. Qf4 Rbe8 (22... Bd7 $142 23. Qe5+ f6 24. Qxd5 Rfe8) 23. Ne5 Bd7 24. Nd3 Bc6 25. Nc5 Rb8 26. a3 a5 27. b4 Ra8 28. h4 h6 $2 (28... axb4 $16 {keeps fighting.} 29. cxb4 (29. axb4 h5 $16) 29... h5) 29. h5 g5 30. Qe5+ Kh7 31. g4 Ra7 (31... axb4 $142 32. cxb4 (32. axb4 Ra7 $14) 32... Ra7) 32. Rf3 axb4 33. cxb4 Rfa8 34. Ree3 Qc7 35. Qf6 Qe7 36. Qxe7 Rxe7 37. Rc3 Be8 38. Nd3 Rea7 39. Ne5 Kg7 40. Rfe3 Kf8 41. Kf1 Ke7 42. Ke1 Kd6 43. Rf3 Ke7 44. Nc6+ Bxc6 45. Rxc6 Rxa3 46. Rc7+ Kd6 47. Rfxf7 Rd8 48. Rb7 Kc6 49. Rfc7+ Kd6 50. Rc2 Rd3 51. Rb6+ Ke7 52. Rd2 Rxd2 ({Black should play} 52... Rf3 $11) 53. Kxd2 Ra8 54. Rxb5 Ra2+ 55. Ke3 Ra3+ 56. Ke2 Ra2+ 57. Kf3 Ra3+ $11 58. Ke2 1/2-1/2

[Event "1.FrauenBL 2016-17"]
[Site "Berlin"]
[Date "2017.04.29"]
[Round "11.2"]
[White "Hoolt, Sarah"]
[Black "Troyke, Doreen"]
[Result "1-0"]
[ECO "B23"]
[WhiteElo "2398"]
[BlackElo "2091"]
[Annotator "NA"]
[PlyCount "87"]
[EventDate "2017.??.??"]
[EventType "team-tourn"]
[EventCountry "GER"]
[SourceTitle "playchess.com"]
[Source "ChessBase"]
[SourceQuality "1"]
[WhiteTeam "Hamburger SK"]
[BlackTeam "SV Medizin Erfurt"]
[TimeControl "40/6000+30:3000+30"]

1. e4 c5 2. Nc3 Nc6 3. Bb5 g6 4. Bxc6 dxc6 5. f4 Bg7 {[%emt 1:31:28] B23: Closed Sicilian: Lines without g3} 6. d3 (6. Nf3 h5 7. d3 Nh6 8. h3 O-O 9. O-O b5 10. Be3 c4 11. dxc4 Qxd1 12. Raxd1 bxc4 13. Ne5 {1-0 (34) Jovanovic,Z (2534)-Naiditsch,A (2687) Tallinn 2016}) 6... Nf6 7. Be3 b6 8. h3 Nd7 9. Nf3 Qc7 10. Qd2 Bb7 $146 (10... a5 11. O-O O-O 12. f5 Ne5 13. Bh6 a4 14. Bxg7 Kxg7 {1-0 (40) Hoolt,S (2322)-Lubbe,N (2503) Lueneburg 2016}) 11. a4 a5 12. O-O-O O-O-O 13. Ng5 Rdf8 14. e5 h6 15. Nf3 Rd8 16. Rhe1 Nf8 17. Qf2 Kb8 18. d4 cxd4 19. Nxd4 Rc8 $2 {[%emt 0:41:32] [#]} (19... Nd7 20. Kb1 (20. e6 Nc5 $16) 20... Rhf8) 20. Nb3 $2 (20. Ne6 $1 $18 {[%mdl 512] and White stays clearly on top.} Nxe6 (20... fxe6 21. Bxb6) 21. Bxb6) 20... c5 21. g4 h5 (21... Bc6 $16) 22. Nd5 Bxd5 23. Rxd5 Qc6 24. Red1 Qxa4 25. Kb1 hxg4 $2 {[%emt 0:20:28] [#]} (25... Ne6 $1 $14) 26. hxg4 $2 ({White has to play} 26. Bxc5 $1 $18 bxc5 27. Rxc5) 26... Ne6 27. Qg3 Qe4 28. Rd7 g5 29. f5 Nd4 30. Bxd4 cxd4 31. Nxd4 Bxe5 32. Qb3 Bxd4 33. R1xd4 Qc6 34. Rxe7 Qc5 35. Rdd7 Rc6 36. Rb7+ Kc8 37. Ra7 Kd8 38. Red7+ (38. Qd3+ $142 Rd6 39. Rad7+ (39. Rxf7 Rxd3 40. Ra8+ Qc8 41. Rxc8+ Kxc8 $11) 39... Kc8 40. Qa6+ (40. Qxd6 $2 {perishes.} Rh1+ 41. Qd1 Rxd1+ 42. Rxd1 Qxe7 $19) 40... Kb8 41. Qb7#) 38... Kc8 39. Rxf7 Kb8 40. Rfb7+ Kc8 41. Rh7 Kb8 $18 42. Qg3+ Rd6 43. Rhb7+ Kc8 44. Rc7+ 1-0

[Event "1.FrauenBL 2016-17"]
[Site "Berlin"]
[Date "2017.04.29"]
[Round "11.2"]
[White "Lauterbach, Ingrid"]
[Black "Braun, Elina"]
[Result "1/2-1/2"]
[ECO "A08"]
[WhiteElo "2101"]
[BlackElo "1948"]
[Annotator "NA"]
[PlyCount "78"]
[EventDate "2017.??.??"]
[EventType "team-tourn"]
[EventCountry "GER"]
[SourceTitle "playchess.com"]
[Source "ChessBase"]
[SourceQuality "1"]
[WhiteTeam "SF Deizisau"]
[BlackTeam "SG Augsburg"]
[TimeControl "40/6000+30:3000+30"]

1. Nf3 Nf6 2. g3 d5 3. Bg2 c5 4. d3 Nc6 5. Nbd2 Bg4 {[%emt 1:29:08] A08: King's Indian Attack} 6. h3 Bh5 7. c4 (7. g4 Bg6 8. Nh4 e6 9. e3 Be7 10. Qe2 Nd7 11. Nxg6 hxg6 12. a3 Qc7 13. c4 {1-0 (43) Shchekachev,A (2531)-Wojtaszek,R (2734) Berlin 2015}) 7... e5 $146 (7... e6 8. O-O Be7 9. cxd5 exd5 10. d4 c4 11. Nb1 Bxf3 12. Bxf3 b5 13. Bg5 {1-0 (36) Haub,T (2454)-Iglesias,J (2178) Vandoeuvre 2008}) 8. Qa4 Bxf3 9. Nxf3 Qd6 10. O-O Be7 11. a3 O-O 12. Nh4 Rfe8 13. Nf5 Qd7 14. Nxe7+ Rxe7 15. Bg5 e4 (15... Nd4 $14 16. Qd1 dxc4) 16. cxd5 Qxd5 17. Bxf6 gxf6 18. Bxe4 Qe6 19. g4 Nd4 20. e3 f5 21. gxf5 Nxf5 22. Bf3 Kh8 23. Kh1 Nxe3 24. Qh4 Nxf1 25. Rxf1 Rae8 26. d4 Qf5 27. Bg2 Re1 28. dxc5 Rxf1+ 29. Bxf1 Qe4+ 30. Qxe4 Rxe4 31. Bg2 Re1+ 32. Kh2 Re2 33. Bxb7 Rxf2+ 34. Kg3 Rxb2 35. c6 $11 Rb3+ 36. Kf4 Rxa3 37. c7 Rc3 38. c8=Q+ Rxc8 39. Bxc8 a5 1/2-1/2

[Event "1.FrauenBL 2016-17"]
[Site "Berlin"]
[Date "2017.04.29"]
[Round "11.2"]
[White "Diederichs, Luise"]
[Black "Boehm, Jana"]
[Result "1/2-1/2"]
[ECO "D87"]
[WhiteElo "1971"]
[BlackElo "1963"]
[Annotator "NA"]
[PlyCount "72"]
[EventDate "2017.??.??"]
[EventType "team-tourn"]
[EventCountry "GER"]
[SourceTitle "playchess.com"]
[Source "ChessBase"]
[SourceQuality "1"]
[WhiteTeam "TuRa Harksheide"]
[BlackTeam "SK Lehrte"]
[TimeControl "40/6000+30:3000+30"]

1. c4 Nf6 2. Nc3 d5 3. cxd5 Nxd5 4. e4 Nxc3 5. bxc3 g6 6. d4 c5 7. Bc4 Bg7 8. Ne2 O-O 9. O-O Nc6 10. Be3 Bg4 11. f3 Bd7 12. dxc5 Na5 13. Qd3 Qc7 14. Bb3 Rfd8 15. Rad1 Rac8 16. Nd4 a6 17. Qe2 $1 e5 18. Nc2 Bf8 $14 19. Nb4 Nxb3 20. axb3 Be6 21. Nd5 Bxd5 22. exd5 Bxc5 23. c4 b5 24. Rc1 Bxe3+ 25. Qxe3 Qc5 26. Kf2 Kf8 27. Qxc5+ Rxc5 28. Ke3 Ke7 29. Kd3 a5 30. Ke4 Kd6 31. Kd3 Ke7 32. Ke4 Kd6 33. Kd3 f5 34. Rc2 Rdc8 35. Rfc1 R8c7 36. Rc3 Rc8 1/2-1/2

[Event "1.FrauenBL 2016-17"]
[Site "Berlin"]
[Date "2017.04.29"]
[Round "11.3"]
[White "Umpfenbach, Carolin"]
[Black "Baciu, Diana"]
[Result "1-0"]
[ECO "D38"]
[WhiteElo "2131"]
[BlackElo "2275"]
[Annotator "NA"]
[PlyCount "69"]
[EventDate "2017.??.??"]
[EventType "team-tourn"]
[EventCountry "GER"]
[SourceTitle "playchess.com"]
[Source "ChessBase"]
[SourceQuality "1"]
[WhiteTeam "SV Medizin Erfurt"]
[BlackTeam "Hamburger SK"]
[TimeControl "40/6000+30:3000+30"]

1. d4 d5 2. c4 e6 3. Nc3 Nf6 4. Bg5 Bb4 5. e3 h6 6. Bxf6 Qxf6 7. Nf3 O-O 8. Qb3 c5 {[%emt 1:26:35] D38: Queen's Gambit Declined: Ragozin Defence (4 Nf3 Bb4)} 9. Rc1 (9. cxd5 exd5 10. a3 Bxc3+ 11. Qxc3 Nd7 12. Be2 b6 13. O-O Bb7 14. Rac1 c4 15. Nd2 b5 16. Bf3 Qe7 17. Qa5 Bc6 18. b3 Qd6 19. bxc4 bxc4 20. Nb1 Rab8 {½-½ (61) Shirov,A (2691)-Giri,A (2768) Hoogeveen 2014}) 9... dxc4 10. Bxc4 Nc6 11. dxc5 Qg6 12. O-O Bxc5 13. Ne2 $146 (13. Qb5 Bb4 14. Bd3 f5 15. Ne2 a6 16. Qa4 {½-½ (31) Trapl,J (2340)-Blatny,P (2415) Prague 1986}) 13... e5 (13... Qf6 $11) 14. Bd5 Bd6 15. Ng3 Ne7 16. Rfd1 Rd8 17. Nxe5 Qf6 18. Nxf7 Rf8 19. Nxd6+ ({Weaker is} 19. Bxb7 Bxg3 20. hxg3 (20. Bxa8 Bxf2+ 21. Kh1 Be6 $15) 20... Bxb7 21. Nxh6+ (21. Qxb7 Qxf7 22. Rc2 Rac8 $15) 21... Kh7 $16) 19... Nxd5 20. Nde4 Qf7 21. Qxd5 Be6 22. Qa5 b6 23. Qe1 Bxa2 24. Rd3 a5 25. Rdc3 Ra7 26. Rc8 Rxc8 27. Rxc8+ Kh7 28. h3 b5 29. Rc5 b4 30. Qc1 Be6 31. Nd6 Qg6 32. Nb5 Rf7 33. Nd4 a4 34. Nxe6 Qxe6 $18 35. Qc2+ 1-0

[Event "1.FrauenBL 2016-17"]
[Site "Berlin"]
[Date "2017.04.29"]
[Round "11.3"]
[White "Zschischang, Marine"]
[Black "Koehler, Inken"]
[Result "1-0"]
[ECO "D13"]
[WhiteElo "2037"]
[BlackElo "1968"]
[Annotator "NA"]
[PlyCount "101"]
[EventDate "2017.??.??"]
[EventType "team-tourn"]
[EventCountry "GER"]
[SourceTitle "playchess.com"]
[Source "ChessBase"]
[SourceQuality "1"]
[WhiteTeam "SK Lehrte"]
[BlackTeam "TuRa Harksheide"]
[TimeControl "40/6000+30:3000+30"]

1. d4 d5 2. c4 c6 3. cxd5 cxd5 4. Nc3 Nf6 5. Nf3 e6 6. Ne5 Nc6 7. e3 {[%emt 1:30:43] D13: Slav Defence: Exchange variation without ...Bf5} Nxe5 8. dxe5 Nd7 9. f4 Qb6 $146 (9... Be7 10. Bd3 a6 11. O-O b5 12. Ne2 Nc5 13. Bc2 Bb7 14. b3 {0-1 (39) Reinderman,D (2573)-Nyback,T (2643) Wijk aan Zee 2010}) 10. Bd3 Nc5 11. Bc2 Bd7 12. O-O Bc6 13. Rb1 Ne4 14. Bxe4 dxe4 15. b4 Rd8 16. Qc2 Rd3 ({Don't choose} 16... Bxb4 $2 17. a3 $18 (17. Nxe4 Qa5 $15)) 17. b5 Bd5 $1 18. Nxd5 Rxd5 19. Qc8+ Rd8 20. Qc4 Bc5 21. Qxe4 $11 O-O 22. Kf2 Rd5 23. Rb3 Rfd8 24. Kf3 a6 25. Qc4 axb5 26. Qxb5 Qxb5 27. Rxb5 b6 28. Rb3 Ra8 29. a3 Kf8 30. Ke2 Rad8 31. g4 Ke7 32. h4 R5d7 33. h5 h6 34. Rg1 g5 35. hxg6 fxg6 36. Rh1 Rh8 37. Kf3 h5 38. gxh5 gxh5 39. e4 Kf7 40. Be3 Ra7 41. f5 Rxa3 42. Rxa3 Bxa3 43. Bxb6 Bb2 44. Bc7 Rc8 45. Rxh5 Kg7 46. Bd6 Rc3+ 47. Ke2 Rc4 48. Kd3 Rc3+ 49. Kd2 Rc4 50. fxe6 Rxe4 51. e7 1-0

[Event "1.FrauenBL 2016-17"]
[Site "Berlin"]
[Date "2017.04.29"]
[Round "11.4"]
[White "Houska, Jovanka"]
[Black "Movsesian, Julia"]
[Result "1-0"]
[ECO "D37"]
[WhiteElo "2397"]
[BlackElo "2318"]
[Annotator "NA"]
[PlyCount "61"]
[EventDate "2017.??.??"]
[EventType "team-tourn"]
[EventCountry "GER"]
[SourceTitle "playchess.com"]
[Source "ChessBase"]
[SourceQuality "1"]
[WhiteTeam "Karlsruher SF"]
[BlackTeam "Rodewischer SM"]
[TimeControl "40/6000+30:3000+30"]

1. d4 d5 2. Nf3 Nf6 3. c4 e6 4. Nc3 Be7 5. Bf4 O-O 6. e3 Nbd7 7. Rc1 c6 8. h3 Re8 9. Bd3 dxc4 10. Bxc4 Nb6 11. Bd3 Nbd5 12. Bg3 Nxc3 13. bxc3 c5 (13... b6 $11) 14. O-O a6 (14... b6 $11) 15. Ne5 Bd7 16. f4 cxd4 17. exd4 g6 18. Qb3 Bc6 {[%emt 0:29:04] [#]} ({Better is} 18... Bb5 $14) 19. f5 $1 ({Much worse is} 19. Nxc6 $6 bxc6 20. Rb1 Nd5 $11) 19... gxf5 {[%emt 0:22:26] [#]} 20. Bxf5 $1 ({But not} 20. Nxc6 bxc6 21. Rce1 Nd5 $15) 20... Bd5 21. c4 Be4 22. Bxe4 Qxd4+ 23. Kh1 Nxe4 24. Nxf7 Bf6 25. Nd6 Nxd6 26. Bxd6 Bg7 27. Rcd1 Qc3 (27... Qb2 $142 28. Qe3 Qc3) 28. Qxb7 Qxc4 $18 (28... Kh8 $142 29. Qe4 Rac8) 29. Rf7 Qc3 30. Rd3 Qb2 31. Rxg7+ 1-0

[Event "1.FrauenBL 2016-17"]
[Site "Berlin"]
[Date "2017.04.29"]
[Round "11.4"]
[White "Schmidt, Jessica"]
[Black "Von der Weth, Carola"]
[Result "1-0"]
[ECO "D31"]
[WhiteElo "2270"]
[BlackElo "2110"]
[Annotator "NA"]
[PlyCount "59"]
[EventDate "2017.??.??"]
[EventType "team-tourn"]
[EventCountry "GER"]
[SourceTitle "playchess.com"]
[Source "ChessBase"]
[SourceQuality "1"]
[WhiteTeam "Hamburger SK"]
[BlackTeam "SV Medizin Erfurt"]
[TimeControl "40/6000+30:3000+30"]

1. d4 d5 2. c4 e6 3. Nc3 c6 4. cxd5 exd5 5. Qc2 f5 6. Bf4 {[%emt 1:24:25] D31: Queen's Gambit Declined: Semi-Slav without ...Nf6 (+ Marshall Gambit and Noteboom) and Exchange Variation lines without ...Nf6} Bd6 7. Nh3 Bxf4 8. Nxf4 Nf6 9. e3 O-O 10. Bd3 Ne4 11. O-O Qe8 $146 ({Black should play} 11... g5 $14) (11... Nd6 12. Na4 Rf6 13. h4 Nd7 {½-½ (64) Marentini,M (2085)-Rausch,S (2294) Bad Wiessee 2013}) 12. Nfxd5 cxd5 13. Nxd5 Nc6 (13... Rf7 $16 {might work better.}) 14. Nc7 $1 Qe7 15. Nxa8 Qd6 16. Nc7 Qxc7 17. d5 Rf6 18. dxc6 Rxc6 19. Qe2 Nf6 20. Qf3 g6 21. Qg3 Qb6 22. b3 Be6 23. Rac1 Rd6 24. Rfd1 Qb4 25. Qe5 Nd5 26. Bc4 $18 Qa3 27. Bxd5 Bxd5 28. Rc5 Qc1 29. Rc7 Be4 30. Qe6+ 1-0

[Event "1.FrauenBL 2016-17"]
[Site "Berlin"]
[Date "2017.04.29"]
[Round "11.4"]
[White "Le, Hoang Tran Chau"]
[Black "Manusina, Nicole"]
[Result "0-1"]
[ECO "E57"]
[WhiteElo "2151"]
[BlackElo "1908"]
[Annotator "NA"]
[PlyCount "67"]
[EventDate "2017.??.??"]
[EventType "team-tourn"]
[EventCountry "GER"]
[SourceTitle "playchess.com"]
[Source "ChessBase"]
[SourceQuality "1"]
[WhiteTeam "TuRa Harksheide"]
[BlackTeam "SK Lehrte"]
[TimeControl "40/6000+30:3000+30"]

1. e4 c6 2. d4 d5 3. exd5 cxd5 4. c4 Nf6 5. Nc3 Nc6 6. Bg5 e6 7. Nf3 dxc4 8. Bxc4 Be7 9. O-O O-O 10. a3 a6 11. Qd3 Nd5 {[%emt 1:08:22] E57: Nimzo-Indian: Rubinstein: Main Line: 7...Nc6 8 a3 dxc4 9 Bxc4 cxd4} (11... b5 12. Ba2 b4 13. Bb1 g6 14. axb4 Nxb4 15. Qd2 Bb7 16. Ne5 Nd7 17. Bxe7 Qxe7 18. Be4 Nf6 19. Qg5 Bxe4 20. Nxe4 Nbd5 21. Nc6 Qb7 22. Nxf6+ Nxf6 23. Na5 Qe7 24. Nc6 Qb7 25. Na5 Qe7 26. Nc6 Qb7 {½-½ (26) Vescovi,G (2604)-Lima,D (2509) Fortaleza 2012}) 12. Bd2 $146 (12. Bxe7 Ncxe7 13. Rae1 Nxc3 14. bxc3 b5 15. Ba2 Ng6 16. Qe4 Ra7 17. Qg4 e5 18. Qg3 exd4 19. Nxd4 Qf6 20. f4 Re7 21. f5 Rxe1 22. Qxe1 Ne7 23. Qe4 Bd7 24. Qb7 Qd6 25. Qf3 Qf6 26. Qb7 {½-½ (26) Bronstein,D-Flohr,S Moscow 1953}) 12... Nxc3 13. Bxc3 Bf6 14. Qe4 Bd7 15. Ne5 Nxe5 16. dxe5 Bc6 17. Qg4 Be7 18. Rad1 Qc7 19. Rd3 Rfd8 20. Rh3 Bf8 21. Qh5 Be4 22. Qe2 Bf5 23. g4 Bg6 24. Rg3 Be7 25. g5 b5 26. Bb3 Qb7 27. h4 b4 28. axb4 Bxb4 29. Bxb4 $17 Qxb4 30. h5 Rd2 31. Qe1 Bxh5 32. Qc1 Rad8 33. Qc7 Qd4 34. Qa7 0-1

[Event "1.FrauenBL 2016-17"]
[Site "Berlin"]
[Date "2017.04.29"]
[Round "11.5"]
[White "Lubbe, Melanie"]
[Black "Heinatz, Gundula"]
[Result "1/2-1/2"]
[ECO "B70"]
[WhiteElo "2298"]
[BlackElo "2173"]
[Annotator "ChessBase"]
[PlyCount "121"]
[EventDate "2017.??.??"]
[EventType "team-tourn"]
[EventCountry "GER"]
[SourceTitle "playchess.com"]
[Source "ChessBase"]
[SourceQuality "1"]
[WhiteTeam "Rodewischer SM"]
[BlackTeam "Karlsruher SF"]
[TimeControl "40/6000+30:3000+30"]

1. e4 c5 2. Nf3 Nc6 3. d4 cxd4 4. Nxd4 g6 5. Be2 Bg7 6. Nb3 Nf6 7. Nc3 O-O 8. O-O d6 9. Bg5 Be6 10. Kh1 Na5 11. Nd5 Bxd5 12. exd5 Nxb3 13. axb3 Ne4 14. Bc1 a5 15. Qd3 Nc5 16. Qb5 Qc7 17. Ra2 Rfc8 18. Be3 Qd8 19. Rfa1 b6 20. h3 Be5 21. Bd1 f5 22. c3 f4 23. Bxc5 Rxc5 24. Qd3 Rb8 25. Bg4 Kg7 26. Be6 Qf8 27. Rd1 f3 28. g3 Qf6 29. Ra4 Rf8 30. Re4 b5 31. b4 axb4 32. Rxb4 h5 33. Re1 Ra8 34. Kh2 h4 35. Bg4 hxg3+ 36. fxg3 f2 37. Rf1 Rf8 38. Kg2 Qg5 39. Be6 Rc4 40. h4 Qh6 41. Rxc4 bxc4 42. Qe2 Rf6 43. Rxf2 Qc1 44. Rxf6 Bxf6 45. Bd7 Qb1 46. Bb5 Bxc3 47. Qxe7+ Kg8 48. Qe8+ Kg7 49. bxc3 Qc2+ 50. Kf3 Qd3+ 51. Kf2 Qf5+ 52. Kg2 Qc2+ 53. Kf3 Qf5+ 54. Ke2 Qd3+ 55. Ke1 Qb1+ 56. Kf2 Qf5+ 57. Kg2 Qc2+ 58. Kg1 Qb1+ 59. Kh2 Qc2+ 60. Kh3 Qf5+ 61. Kg2 1/2-1/2

[Event "1.FrauenBL 2016-17"]
[Site "Berlin"]
[Date "2017.04.29"]
[Round "11.5"]
[White "Schoene, Maria"]
[Black "Kachiani-Gersinska, Ketino"]
[Result "1/2-1/2"]
[ECO "C93"]
[WhiteElo "2269"]
[BlackElo "2366"]
[Annotator "NA"]
[PlyCount "56"]
[EventDate "2017.??.??"]
[EventType "team-tourn"]
[EventCountry "GER"]
[SourceTitle "playchess.com"]
[Source "ChessBase"]
[SourceQuality "1"]
[WhiteTeam "SC Bad Königshofen"]
[BlackTeam "OSG Baden-Baden"]
[TimeControl "40/6000+30:3000+30"]

1. e4 e5 2. Nf3 Nc6 3. Bb5 a6 4. Ba4 Nf6 5. O-O Be7 6. Re1 b5 7. Bb3 d6 8. c3 O-O 9. h3 Re8 10. d4 Bf8 11. Nbd2 Bb7 12. a3 h6 13. Bc2 Nb8 {[%emt 0:59:34] [#] C93: Closed Ruy Lopez: Smyslov Variation} 14. Nh4 $146 (14. a4 Nbd7 15. Bd3 c6 16. b3 g6 17. Bb2 Bg7 18. Qc2 Nh5 19. Rad1 Rc8 20. Bf1 Qb6 21. b4 {½-½ (76) Inarkiev,E (2732)-Vitiugov,N (2721) Novosibirsk 2016}) 14... Nbd7 15. Nf5 g6 16. Ng3 Bg7 17. Nf3 d5 18. dxe5 Nxe4 19. Nxe4 dxe4 20. Bxe4 Bxe4 21. Rxe4 Nxe5 22. Qe2 Nxf3+ 23. Qxf3 Rxe4 24. Qxe4 Qd1+ 25. Kh2 Rd8 26. a4 Bf8 $11 27. axb5 axb5 28. Rb1 Qd5 1/2-1/2